 Dungeon Crawl Stone Soup version 0.30-a0-629-gd54f4be4f7 (webtiles) character file.

Game seed: 10247881489883619528

123 Mitcholas the Shooter (level 4, -6/26 HPs)
             Began as a Deep Elf Hunter on Jan 12, 2023.
             Mangled by an ogre
             ... wielding a +0 giant spiked club
              (18 damage)
             ... on level 4 of the Dungeon.
             The game lasted 00:03:23 (1784 turns).

Mitcholas the Shooter (Deep Elf Hunter)             Turns: 1784, Time: 00:03:24

Health: -6/26      AC:  3    Str:  8    XL:     4   Next: 80%
Magic:  6/6        EV: 13    Int: 14    God:
Gold:   204        SH:  0    Dex: 20    Spells: 3/3 levels left

rFire   . . .      SeeInvis .    a - +0 shortbow
rCold   . . .      Faith    .    (shield currently unavailable)
rNeg    . . .      Spirit   .    c - +0 leather armour
rPois   .          Reflect  .    (no helmet)
rElec   .          Harm     .    (no cloak)
rCorr   .          Rampage  .    (no gloves)
Will    .....                    (no boots)
Stlth   ++                       (no amulet)
HPRegen 0.24/turn                (no ring)
MPRegen 0.10/turn                (no ring)

@: no status effects
A: no striking features
a: no special abilities


You were on level 4 of the Dungeon.
You visited 1 branch of the dungeon, and saw 4 of its levels.

You collected 204 gold pieces.

Inventory:

Hand Weapons
 a - a +0 shortbow (weapon)
Armour
 c - a +0 leather armour (worn)
Jewellery
 q - a ring of fire
 s - a ring of willpower
Scrolls
 b - a scroll of immolation
 d - 2 scrolls of fog {unknown}
 e - 3 scrolls of identify {unknown}
 g - 3 scrolls of teleportation {unknown}
 h - 2 scrolls of enchant armour {unknown}
 o - 2 scrolls of magic mapping {unknown}
 r - a scroll of butterflies {unknown}
Potions
 f - 2 potions of invisibility {unknown}
 i - 2 potions of curing {unknown}
 j - a potion of might {unknown}
 k - a potion of mutation {unknown}
 l - 4 potions of flight {unknown}
 n - a potion of degeneration {unknown}
 p - 4 potions of heal wounds {unknown}


   Skills:
 + Level 2.2 Fighting
 * Level 6.5 Ranged Weapons
 + Level 1.2 Armour
 + Level 3.2 Dodging
 + Level 2.6 Stealth


You had 3 spell levels left.
You didn't know any spells.
Your spell library contained the following spells:

 Spells                   Type           Power      Damage    Failure   Level
 Frozen Ramparts          Ice            0%         1d1       77%         3
 Ice Form                 Ice/Tmut       0%         N/A       99%         4
 Summon Ice Beast         Ice/Summ       0%         N/A       99%         4


Dungeon Overview and Level Annotations

Branches:
Dungeon (4/15)
 Temple: D:4-7

Altars:
Dithmenos
Elyvilon
Fedhas

Shops:
D:1 ?**:


Message History

You are too injured to fight recklessly!
You are too injured to fight recklessly!
Throw: 4 darts (atropa)
Press: ? - help, Q - select action, (/) - cycle Shift-Dir - straight line, f/p - ogre
Aim: an ogre, wielding a +0 giant spiked club (almost dead, 77% to hit, chance to blind on hit: 51%)
You throw an atropa-tipped dart. The atropa-tipped dart hits the ogre.
The ogre resists.
The ogre is almost dead.
The ogre barely misses you.
Throw: 3 darts (atropa)
Press: ? - help, Q - select action, (/) - cycle Shift-Dir - straight line, f/p - ogre
Aim: an ogre, wielding a +0 giant spiked club (almost dead, 77% to hit, chance to blind on hit: 51%)
You throw an atropa-tipped dart. The atropa-tipped dart hits the ogre.
The ogre appears confused.
The ogre is almost dead.
The ogre seems less confused.
Fire: a) +0 shortbow
Press: ? - help, Q - select action, (/) - cycle Shift-Dir - straight line, f/p - ogre
Aim: an ogre, wielding a +0 giant spiked club (almost dead, wandering, blind, hasn't noticed you, 79% to hit)
You shoot an arrow. The arrow barely misses the ogre.
The ogre is no longer blind.
The ogre closely misses you.
Throw: 2 darts (atropa)
Press: ? - help, Q - select action, (/) - cycle Shift-Dir - straight line, f/p - ogre
Aim: an ogre, wielding a +0 giant spiked club (almost dead, 77% to hit, chance to blind on hit: 41%)
You throw an atropa-tipped dart.
The atropa-tipped dart barely misses the ogre.
The ogre barely misses you.
Throw: dart (atropa)
Press: ? - help, Q - select action, (/) - cycle Shift-Dir - straight line, f/p - ogre
Aim: an ogre, wielding a +0 giant spiked club (almost dead, 77% to hit, chance to blind on hit: 41%)
You throw an atropa-tipped dart. The atropa-tipped dart hits the ogre.
The ogre resists.
The ogre is almost dead.
Fire: a) +0 shortbow
Press: ? - help, Q - select action Shift-Dir - straight line, f/p - ogre
Aim: an ogre, wielding a +0 giant spiked club (almost dead, 79% to hit)
You shoot an arrow. The arrow closely misses the ogre.
The ogre hits you with a +0 giant spiked club!!
Ouch! That really hurt!
You die...

######## #(..O@.#
#(####.# #. #.# #.
#.# #( #.# .( #.#
############# #.#
..........#######.#
.########.........#


You could see an ogre.

Vanquished Creatures
  5 adders
  5 dart slugs
  8 endoplasms
  5 giant cockroaches
  5 goblins
  5 hobgoblins
  4 jackals (D:2)
  5 quokkas
  3 ball pythons (D:1)
  5 bats
  3 frilled lizards
  6 kobolds
  6 rats
65 creatures vanquished.

Notes
Turn   | Place    | Note
-------+----------+-------------------------------------------
     0 | D:1      | Mitcholas the Deep Elf Hunter began the quest for the Orb.
     0 | D:1      | Reached XP level 1. HP: 12/12 MP: 3/3
    40 | D:1      | Found Udizogad's Assorted Antiques.
    46 | D:1      | Found Kiasoc's Magic Scroll Shoppe.
    57 | D:1      | Found Gucsaek's General Store.
   135 | D:1      | Found Duleixi's Book Emporium.
   173 | D:1      | Reached XP level 2. HP: 17/17 MP: 4/4
   634 | D:2      | Found a shadowy altar of Dithmenos.
   652 | D:2      | Reached XP level 3. HP: 21/21 MP: 5/5
   753 | D:2      | Reached skill level 6 in Ranged Weapons
   848 | D:2      | Reached skill level 1 in Armour
   848 | D:2      | Reached XP level 4. HP: 26/26 MP: 6/6
  1132 | D:3      | Found a blossoming altar of Fedhas.
  1271 | D:3      | Found a white marble altar of Elyvilon.
  1769 | D:4      | Noticed an ogre
  1784 | D:4      | Mangled by an ogre

Illustrated notes

Levels and vault maps discovered:
D:1:      dpeg_arrival_court, layout_basic, serial_shops,
          nicolae_shop_advertising_works [nicolae_subvault_shop_adworks], shop,
          shop, nicolae_square_shop
D:2:      layout_rooms, basic_altar, minmay_worlds_worst_comb
D:3:      layout_basic, nicolae_overflow_hidden_temple, elyvilon_altar_3,
          hangedman_decor_push, minmay_distorted
D:4:      minmay_octagon_keep, layout_basic, mainiacjoe_overflow_brackets,
          uniq_duvessa

Skill      XL: |  1  2  3 |
---------------+----------+-----
Dodging        | 3 |  3.2
Ranged Weapons | 6 |  6.5
Stealth        | 2 |  2.6
Fighting       | 2 |  2.2
Armour         | 1 |  1.2

Action                   |  1- 3 |  4- 6 || total
-------------------------+-------+-------++-------
 Fire: Shortbow          |    98 |    60 ||   158
Throw: Dart              |       |     6 ||     6
Armor: Leather armour    |    16 |     4 ||    20
Dodge: Dodged            |    30 |    16 ||    46

Table legend: (Time is in decaauts)
 A = Elapsed time spent in this place.
 B = Non-inter-level travel time spent in this place.
 C = Inter-level travel time spent in this place.
 D = Time resting spent in this place.
 E = Time spent auto-exploring this place.
 F = Levels seen in this place.
 G = Mean time per level.
                   A        B        C        D        E       F      G
               +--------+--------+--------+--------+--------+-----+--------+
         Total |   1825 |   1752 |     73 |      0 |   1432 |   4 |  456.2 |
       Dungeon |   1825 |   1752 |     73 |      0 |   1432 |   4 |  456.2 |
               +--------+--------+--------+--------+--------+-----+--------+

Top non-repeatable levels by time:
     D:1: 646 daAuts
     D:3: 606 daAuts
     D:2: 454 daAuts
     D:4: 119 daAuts
